[Event "ICC tourney 2754 (45 5)"]
[Site "Internet Chess Club"]
[Date "2021.12.04"]
[Round "1"]
[White "Clark, Dylan:SkywalkerRisen"]
[Black "Vittal, Sanjana:MCTS13"]
[Result "0-1"]
[ICCResult "White resigns"]
[WhiteElo "1541"]
[BlackElo "2005"]
[Opening "Nimzo-Indian: classical, Noa variation"]
[ECO "E34"]
[NIC "NI.23"]
[Time "11:01:25"]
[PlyCount "70"]
[TimeControl "2700+5"]

1. d4 d5 2. c4 e6 3. Nc3 Bb4 4. Qc2 Nf6 5. Nf3 O-O 6. e3 Nc6 7. Bd3 dxc4 8.
Bxc4 a6 9. O-O Bd6 10. e4 e5 11. d5 Ne7 12. Bg5 Ng6 13. Ne2 h6 14. Bxf6 Qxf6
15. Ng3 Nf4 16. a3 h5 17. h4 Bg4 18. Ng5 Ng6 19. f3 Nxh4 20. fxg4 Qxg5 21.
Nf5 Bc5+ 22. Rf2 hxg4 23. Kf1 Bxf2 24. Qxf2 Nxf5 25. Qxf5 Qxf5+ 26. exf5 g6
27. f6 Rfd8 28. Re1 Rd6 29. Rxe5 Rxf6+ 30. Ke2 Kf8 31. Rg5 Re8+ 32. Kd3 Rf4
33. Ba2 Kg7 34. g3 Rf3+ 35. Kd4 Rxg3 {White resigns} 0-1

[Event "ICC tourney 2754 (45 5)"]
[Site "Internet Chess Club"]
[Date "2021.12.04"]
[Round "1"]
[White "SHAWKAT, SAIF:saif-shawkat"]
[Black "ALEKSANDROV, ALEKSEJ:Aleksandrov73"]
[Result "0-1"]
[ICCResult "White resigns"]
[WhiteElo "1976"]
[BlackElo "2584"]
[Opening "Ruy Lopez: closed, Chigorin defense"]
[ECO "C97"]
[NIC "RL.23"]
[Time "11:00:51"]
[PlyCount "58"]
[TimeControl "2700+5"]

1. e4 e5 2. Nf3 Nc6 3. Bb5 a6 4. Ba4 Nf6 5. O-O Be7 6. Re1 b5 7. Bb3 d6 8.
c3 O-O 9. h3 Na5 10. Bc2 c5 11. d4 Qc7 12. d5 Bd7 13. Nbd2 c4 14. Nf1 Nb7
15. Bd2 Rfc8 16. b4 cxb3 17. axb3 b4 18. Re3 a5 19. Bb1 Qb6 20. cxb4 axb4
21. Rxa8 Rxa8 22. Ne1 Nc5 23. Kh1 Ra1 24. Nc2 Ncxe4 25. Kg1 Ra5 26. Nxb4
Nxd2 27. Qxd2 Rb5 28. Nc6 Bf8 29. Rd3 Bf5 {White resigns} 0-1

[Event "ICC tourney 2754 (45 5)"]
[Site "Internet Chess Club"]
[Date "2021.12.04"]
[Round "1"]
[White "SHEEHAN, ETHAN THOMAS:Chessking2008"]
[Black "SUGANOB, ANDREW R:Arsuganob73"]
[Result "1-0"]
[ICCResult "Black resigns"]
[WhiteElo "2194"]
[BlackElo "1822"]
[Opening "QGD semi-Slav: 5.e3"]
[ECO "D45"]
[NIC "SL.08"]
[Time "11:01:42"]
[PlyCount "109"]
[TimeControl "2700+5"]

1. d4 d5 2. c4 c6 3. Nc3 Nf6 4. Nf3 e6 5. e3 Bd6 6. Bd3 O-O 7. O-O Re8 8. e4
dxe4 9. Nxe4 Nxe4 10. Bxe4 f5 11. Bc2 Qf6 12. Bg5 Qg6 13. Qd2 h6 14. Bf4
Bxf4 15. Qxf4 Nd7 16. Rfe1 Qg4 17. Qxg4 fxg4 18. Ne5 Nf6 19. c5 Rd8 20. Rad1
h5 21. Nc4 Bd7 22. Nd6 b6 23. Bg6 Rf8 24. g3 b5 25. Re5 h4 26. gxh4 Nd5 27.
Be4 Nf4 28. Bg2 Rf6 29. Rg5 Raf8 30. Rd2 Rg6 31. Rxg6 Nxg6 32. Rd3 Nxh4 33.
Ra3 Nxg2 34. Kxg2 Ra8 35. Rg3 a5 36. Rxg4 e5 37. Re4 exd4 38. Rxd4 Be6 39.
a3 Bd5+ 40. Kg3 Rb8 41. Rxd5 cxd5 42. c6 Kf8 43. c7 Ra8 44. c8=Q+ Rxc8 45.
Nxc8 Ke8 46. Nd6+ Kd7 47. Nxb5 Kc6 48. Nd4+ Kc5 49. Ne6+ Kc4 50. Kf3 Kb3 51.
Nxg7 Kxb2 52. h4 Kxa3 53. h5 Kb3 54. h6 a4 55. h7 {Black resigns} 1-0

[Event "ICC tourney 2754 (45 5)"]
[Site "Internet Chess Club"]
[Date "2021.12.04"]
[Round "1"]
[White "Volkov, Sergey:Volkov"]
[Black "HO, CARTER:corviknight"]
[Result "1-0"]
[ICCResult "Black resigns"]
[WhiteElo "2591"]
[BlackElo "1978"]
[Opening "QGD Slav defense"]
[ECO "D10"]
[NIC "SL.01"]
[Time "11:00:49"]
[PlyCount "61"]
[TimeControl "2700+5"]

1. d4 d5 2. c4 c6 3. e3 Nf6 4. Nc3 g6 5. Nf3 Bg7 6. Bd3 O-O 7. O-O dxc4 8.
Bxc4 Bg4 9. Be2 Nbd7 10. h3 Bxf3 11. Bxf3 e5 12. a4 exd4 13. exd4 Nb6 14. a5
Nbd5 15. Bg5 Qd7 16. a6 b6 17. Qb3 Rae8 18. Rfd1 h6 19. Bh4 g5 20. Bg3 h5
21. Rac1 g4 22. hxg4 hxg4 23. Bxd5 cxd5 24. Be5 Ne4 25. Nxe4 dxe4 26. Rc7
Qf5 27. Bxg7 Kxg7 28. Qg3 Rh8 29. d5 Rh6 30. Qc3+ Kg6 31. Qc6+ {Black
resigns} 1-0

[Event "ICC tourney 2754 (45 5)"]
[Site "Internet Chess Club"]
[Date "2021.12.04"]
[Round "1"]
[White "FILIPOVICH, DAVID MICHAEL:dmfcan"]
[Black "CHAMPSI, IMRAN:imranchamp"]
[Result "1-0"]
[ICCResult "Black checkmated"]
[WhiteElo "2050"]
[BlackElo "1728"]
[Opening "English: symmetrical, main line with d4"]
[ECO "A39"]
[NIC "EO.26"]
[Time "11:00:57"]
[PlyCount "65"]
[TimeControl "2700+5"]

1. Nf3 c5 2. g3 Nc6 3. Bg2 Nf6 4. O-O g6 5. c4 Bg7 6. Nc3 O-O 7. d4 cxd4 8.
Nxd4 d6 9. Nxc6 bxc6 10. Bxc6 Rb8 11. Bg2 Qa5 12. Qd2 Be6 13. b3 Nd7 14. Nd5
Qxd2 15. Nxe7+ Kh8 16. Bxd2 Bxa1 17. Rxa1 a6 18. Rd1 Rb6 19. Ba5 Rbb8 20.
Bc3+ f6 21. Rxd6 Nc5 22. Bd4 Rf7 23. Nc6 Nxb3 24. Nxb8 Bxc4 25. axb3 Bxe2
26. Bxf6+ Rxf6 27. Rxf6 h6 28. Rxg6 Bf1 29. Bxf1 Kh7 30. Bd3 Kh8 31. Nd7 Kh7
32. Nf6+ Kh8 33. Rg8# {Black checkmated} 1-0

[Event "ICC tourney 2754 (45 5)"]
[Site "Internet Chess Club"]
[Date "2021.12.04"]
[Round "1"]
[White "LI, IRIS:irisl"]
[Black "MALKIEL, DANIEL E:MrSnrub"]
[Result "0-1"]
[ICCResult "White resigns"]
[WhiteElo "1812"]
[BlackElo "2185"]
[Opening "French: Steinitz, Boleslavsky variation"]
[ECO "C11"]
[NIC "FR.04"]
[Time "11:00:52"]
[PlyCount "44"]
[TimeControl "2700+5"]

1. e4 e6 2. d4 d5 3. Nc3 Nf6 4. e5 Nfd7 5. f4 c5 6. Nf3 Nc6 7. Be3 Be7 8.
Be2 O-O 9. O-O f6 10. exf6 Nxf6 11. dxc5 Ng4 12. Bc1 Bxc5+ 13. Kh1 Nf2+ 14.
Rxf2 Bxf2 15. g3 Bc5 16. b3 Be7 17. Bb2 Bf6 18. Qd2 b6 19. Re1 Bb7 20. a3
Re8 21. Bd3 Kh8 22. Ne2 Bxb2 {White resigns} 0-1

[Event "ICC tourney 2754 (45 5)"]
[Site "Internet Chess Club"]
[Date "2021.12.04"]
[Round "1"]
[White "Meng, Joshua:jmichess"]
[Black "S.M, UMER:uncrackable"]
[Result "1-0"]
[ICCResult "Black resigns"]
[WhiteElo "1707"]
[BlackElo "2038"]
[Opening "Sicilian: closed"]
[ECO "B23"]
[NIC "SI.44"]
[Time "11:00:55"]
[PlyCount "53"]
[TimeControl "2700+5"]

1. e4 c5 2. Nc3 e6 3. Nge2 Nc6 4. g3 a6 5. Bg2 g6 6. O-O Bg7 7. f4 Nge7 8.
e5 O-O 9. Ne4 b6 10. g4 Rb8 11. N2g3 Bb7 12. b3 d5 13. Nf6+ Kh8 14. g5 Bxf6
15. gxf6 Nf5 16. Qg4 Ncd4 17. c3 Nxg3 18. hxg3 Nc2 19. Qh4 d4 20. Bxb7 Rxb7
21. Kf2 dxc3 22. dxc3 Qd3 23. Qh6 Qxf1+ 24. Kxf1 Rg8 25. Rb1 Rd7 26. Ke2 a5
27. Bb2 {Black resigns} 1-0

[Event "ICC tourney 2754 (45 5)"]
[Site "Internet Chess Club"]
[Date "2021.12.04"]
[Round "1"]
[White "Turcotte, Jonathan:JonnyTurgi"]
[Black "NATHA, NIRAV:K05-15969775"]
[Result "1-0"]
[ICCResult "Black resigns"]
[WhiteElo "2000"]
[BlackElo "1477"]
[Opening "King's Indian: orthodox, 7...Nbd7"]
[ECO "E94"]
[NIC "KI.13"]
[Time "11:00:47"]
[PlyCount "133"]
[TimeControl "2700+5"]

1. d4 Nf6 2. c4 g6 3. Nc3 Bg7 4. e4 d6 5. Nf3 O-O 6. Be2 Nbd7 7. O-O e5 8.
Be3 Re8 9. d5 b6 10. Nd2 a5 11. a3 Nc5 12. b4 Ncd7 13. Na4 Bf8 14. c5 bxc5
15. bxc5 Nxc5 16. Nxc5 dxc5 17. Qc2 Ba6 18. Bxa6 Rxa6 19. f3 c6 20. dxc6
Rxc6 21. Nc4 Nd7 22. Qa4 Qc7 23. Qxa5 Nb6 24. Nxb6 Qxb6 25. Qxb6 Rxb6 26.
Rfc1 Rc8 27. Rc3 Rbc6 28. Rc4 f6 29. a4 Rb6 30. a5 Ra6 31. Kf1 Rb8 32. Ra2
Rb5 33. Bd2 Bd6 34. Ke2 Kf7 35. Kd3 Ke7 36. Rcc2 Kd7 37. Kc4 Kc6 38. Rcb2
Rb8 39. Rxb8 Bxb8 40. Rb2 Bd6 41. Rb5 Be7 42. Be3 Bd6 43. Bxc5 Bxc5 44.
Rxc5+ Kb7 45. Kb5 Rd6 46. Rd5 Rc6 47. Rd7+ Rc7 48. Rxc7+ Kxc7 49. a6 f5 50.
Kc5 f4 51. Kd5 g5 52. Kxe5 h5 53. Kf5 g4 54. Kxf4 gxf3 55. gxf3 Kb6 56. Kg5
Ka5 57. Kxh5 Kxa6 58. Kg6 Kb6 59. h4 Kc6 60. h5 Kd7 61. h6 Ke7 62. Kg7 Ke6
63. h7 Ke5 64. h8=Q Kf4 65. Qh4+ Kxf3 66. e5 Ke3 67. e6 {Black resigns} 1-0

[Event "ICC tourney 2754 (45 5)"]
[Site "Internet Chess Club"]
[Date "2021.12.04"]
[Round "1"]
[White "BAGCHI, SOUNAK:Chesssaga"]
[Black "Fawzy, Adham:domti"]
[Result "1-0"]
[ICCResult "Black resigns"]
[WhiteElo "1876"]
[BlackElo "2527"]
[Opening "Sicilian: Nimzovich-Rossolimo attack (with ...g6, without ...d6)"]
[ECO "B31"]
[NIC "SI.31"]
[Time "11:00:48"]
[PlyCount "77"]
[TimeControl "2700+5"]

1. e4 c5 2. Nf3 Nc6 3. Bb5 g6 4. Bxc6 dxc6 5. d3 Bg7 6. h3 Nf6 7. Nc3 Nd7 8.
Be3 e5 9. Qd2 h6 10. O-O b6 11. Nh2 Nf8 12. f4 exf4 13. Bxf4 Ne6 14. Bg3 Nd4
15. Rae1 O-O 16. Nf3 Be6 17. e5 f5 18. exf6 Rxf6 19. Nxd4 Qxd4+ 20. Kh1
Rxf1+ 21. Rxf1 Bf5 22. Bf4 Kh7 23. Qe2 Rf8 24. Bc1 Qd7 25. g4 Re8 26. Qg2
Be6 27. Ne4 Bd5 28. Re1 c4 29. Qg3 cxd3 30. cxd3 c5 31. b3 b5 32. Kg1 c4 33.
bxc4 bxc4 34. Qh4 cxd3 35. Nf6+ Bxf6 36. Qxh6+ Kg8 37. Qxg6+ Kf8 38. Bh6+
Bg7 39. Rxe8+ {Black resigns} 1-0

[Event "ICC tourney 2754 (45 5)"]
[Site "Internet Chess Club"]
[Date "2021.12.04"]
[Round "1"]
[White "HEBDEN, MARK L:mhebden"]
[Black "NATHAN, NITISH SG:K06-15494283"]
[Result "1-0"]
[ICCResult "Black checkmated"]
[WhiteElo "2505"]
[BlackElo "1854"]
[Opening "QGD Slav: 4.e3 Bf5"]
[ECO "D12"]
[NIC "QP.08"]
[Time "11:00:52"]
[PlyCount "65"]
[TimeControl "2700+5"]

1. d4 d5 2. Nf3 Nf6 3. c4 c6 4. e3 Bf5 5. cxd5 cxd5 6. Qb3 Qb6 7. Qxb6 axb6
8. Nc3 e6 9. Bb5+ Nbd7 10. Bd2 Bd6 11. Nh4 Be4 12. f3 Bg6 13. g4 Ke7 14. Kf2
Rhc8 15. Nxg6+ hxg6 16. h4 Rh8 17. Rh3 Rh7 18. Rah1 Rah8 19. Bd3 Nf8 20. Kg2
Rg8 21. h5 Rhh8 22. Nb5 N6d7 23. Nxd6 Kxd6 24. Bb4+ Kc7 25. hxg6 Nxg6 26.
Rxh8 Rxh8 27. Rc1+ Kd8 28. Bd6 Ne7 29. Bb5 Nc8 30. Bg3 Nf6 31. Rc7 Rf8 32.
Rxb7 Ne8 33. Rd7# {Black checkmated} 1-0

[Event "ICC tourney 2754 (45 5)"]
[Site "Internet Chess Club"]
[Date "2021.12.04"]
[Round "1"]
[White "LIN, LEO FANYUE:Leolix"]
[Black "MATINIAN, NIKITA:gannikus1992"]
[Result "1/2-1/2"]
[ICCResult "Game drawn by mutual agreement"]
[WhiteElo "1850"]
[BlackElo "2504"]
[Opening "Scotch: Potter variation"]
[ECO "C45"]
[NIC "SO.05"]
[Time "11:01:42"]
[PlyCount "91"]
[TimeControl "2700+5"]

1. e4 e5 2. Nf3 Nc6 3. d4 exd4 4. Nxd4 Bc5 5. Nb3 Bb6 6. Nc3 Nge7 7. Bc4 O-O
8. Bg5 Kh8 9. Qe2 a5 10. a4 f6 11. Bf4 Ne5 12. Bxe5 fxe5 13. f3 c6 14. O-O-O
Ng6 15. g3 Ba7 16. Kb1 Qe7 17. Rd2 Qb4 18. Rhd1 b5 19. axb5 a4 20. Na2 Qe7
21. Nbc1 Rb8 22. bxc6 dxc6 23. Ka1 Bh3 24. c3 Rf6 25. Nd3 Rbf8 26. Ne1 Bb6
27. Rd3 Qc5 28. R3d2 Ne7 29. Nb4 g5 30. g4 Ng6 31. Na6 Qg1 32. Nc2 Nf4 33.
Rxg1 Nxe2 34. Rgd1 Ng1 35. Rd7 Nxf3 36. Rb7 Bg1 37. Rdd7 Rh6 38. Rf7 Rxf7
39. Rxf7 Bxg4 40. Nc7 Rxh2 41. Ne8 Bc5 42. Rg7 h5 43. Rg8+ Kh7 44. Bf7 Nh4
45. Rg7+ Kh6 46. Rg8 {Game drawn by mutual agreement} 1/2-1/2

[Event "ICC tourney 2754 (45 5)"]
[Site "Internet Chess Club"]
[Date "2021.12.04"]
[Round "1"]
[White "YAN, RUIYANG:jy2020"]
[Black "TAO, SIHAN:K06-16931716"]
[Result "1-0"]
[ICCResult "Black resigns"]
[WhiteElo "2151"]
[BlackElo "1781"]
[Opening "Sicilian"]
[ECO "B56"]
[NIC "SI.25"]
[Time "11:00:50"]
[PlyCount "77"]
[TimeControl "2700+5"]

1. e4 c5 2. Nf3 d6 3. d4 cxd4 4. Nxd4 Nf6 5. Nc3 Nc6 6. f3 e5 7. Nb3 Be6 8.
Nd5 a5 9. Be3 Bxd5 10. exd5 Nb8 11. c4 Nbd7 12. Bd3 Be7 13. O-O O-O 14. Qc2
Rc8 15. Qd2 b6 16. Be2 a4 17. Nc1 Nc5 18. b4 axb3 19. axb3 Ra8 20. Rxa8 Qxa8
21. b4 Ncd7 22. Nb3 Qb7 23. f4 Ra8 24. fxe5 Nxe5 25. Nd4 Rc8 26. Qa2 Ra8 27.
Qb3 Nfd7 28. Nc6 Bf6 29. Bf4 Nxc6 30. dxc6 Qxc6 31. Bf3 Qa4 32. Qe3 Rc8 33.
Bxd6 Nf8 34. Bd5 b5 35. Bc5 bxc4 36. Bxc4 Re8 37. Qg3 Ng6 38. Qc7 Qc2 39.
Qxf7+ {Black resigns} 1-0

[Event "ICC tourney 2754 (45 5)"]
[Site "Internet Chess Club"]
[Date "2021.12.04"]
[Round "1"]
[White "ZHANG, RAYMOND TANGNING:DankMemer"]
[Black "HU, ALEXANDER C:ahu1015"]
[Result "0-1"]
[ICCResult "White resigns"]
[WhiteElo "1636"]
[BlackElo "2009"]
[Opening "Queen's pawn: London system"]
[ECO "A45"]
[NIC "QP.07"]
[Time "11:00:49"]
[PlyCount "50"]
[TimeControl "2700+5"]

1. d4 Nf6 2. Bf4 g6 3. e3 Bg7 4. Nf3 O-O 5. h3 d5 6. Be2 c5 7. c3 Nc6 8. O-O
Nd7 9. c4 dxc4 10. Nc3 cxd4 11. exd4 Nb6 12. d5 Nb4 13. d6 e6 14. d7 Bxd7
15. Bd6 N4d5 16. Nxd5 exd5 17. Bxf8 Qxf8 18. Qd2 Qc5 19. Rfd1 Ba4 20. Rdc1
Re8 21. Rab1 Bd7 22. b3 c3 23. Kf1 Bb5 24. Nd4 Bxd4 25. Bxb5 Qxb5+
{White resigns}
0-1

[Event "ICC tourney 2754 (45 5)"]
[Site "Internet Chess Club"]
[Date "2021.12.04"]
[Round "1"]
[White "CHENG, Claire:Clairehouses"]
[Black "WILSON, MATTHEW R:roamingmatt"]
[Result "0-1"]
[ICCResult "White forfeits on time"]
[WhiteElo "1833"]
[BlackElo "2200"]
[Opening "QGD: 4.Nf3"]
[ECO "D37"]
[NIC "QP.08"]
[Time "11:00:47"]
[PlyCount "56"]
[TimeControl "2700+5"]

1. d4 d5 2. c4 e6 3. Nf3 Nf6 4. Nc3 Be7 5. Bg5 h6 6. Bh4 Nbd7 7. e3 b6 8.
cxd5 exd5 9. Ne5 Bb7 10. Bb5 O-O 11. Bc6 Rb8 12. Bxb7 Rxb7 13. Nc6 Qe8 14.
Nxe7+ Qxe7 15. Nxd5 Qd6 16. Nxf6+ Nxf6 17. O-O Ne4 18. f3 Ng5 19. Bg3 Qb4
20. Qc2 Rd8 21. Rac1 c5 22. Rfd1 cxd4 23. exd4 Rbd7 24. a3 Qb5 25. a4 Qb4
26. Bf2 Ne6 27. Qc4 Qxb2 28. Ra1 Rc7 {White forfeits on time} 0-1

[Event "ICC tourney 2754 (45 5)"]
[Site "Internet Chess Club"]
[Date "2021.12.04"]
[Round "1"]
[White "JIANG, JASON:JasonJiang10"]
[Black "NGUYEN, TIEN:ngthanhthuytien"]
[Result "0-1"]
[ICCResult "White forfeits on time"]
[WhiteElo "1754"]
[BlackElo "2103"]
[Opening "English: Bremen, reverse dragon"]
[ECO "A22"]
[NIC "EO.10"]
[Time "11:00:52"]
[PlyCount "62"]
[TimeControl "2700+5"]

1. c4 e5 2. Nc3 Nf6 3. g3 d5 4. cxd5 Nxd5 5. Bg2 Nb6 6. Nf3 Nc6 7. O-O Be7
8. d3 O-O 9. Be3 Re8 10. Qc1 Bf8 11. Rd1 Nd4 12. Bxd4 exd4 13. Nb5 c5 14.
Qd2 a6 15. Na3 Be6 16. b3 Nd5 17. Ng5 Bg4 18. Bf3 Bxf3 19. Nxf3 Qf6 20. Re1
b5 21. Kg2 Re6 22. Nc2 Rae8 23. a4 bxa4 24. bxa4 g6 25. h4 Qe7 26. Ng1 Bg7
27. Kf1 Nc3 28. e4 dxe3 29. Nxe3 Qd7 30. Nf3 Qc6 31. Kg2 Rf6
{White forfeits on time}
0-1

[Event "ICC tourney 2754 (45 5)"]
[Site "Internet Chess Club"]
[Date "2021.12.04"]
[Round "1"]
[White "ZILBERSTEIN, DMITRY:Zil"]
[Black "Guo, Anni:movingkid"]
[Result "1/2-1/2"]
[ICCResult "Game drawn by mutual agreement"]
[WhiteElo "2289"]
[BlackElo "1840"]
[Opening "QGD: Semi-Tarrasch, 5.cd"]
[ECO "D41"]
[NIC "TD.12"]
[Time "11:00:52"]
[PlyCount "69"]
[TimeControl "2700+5"]

1. d4 Nf6 2. c4 e6 3. Nf3 d5 4. Nc3 c5 5. cxd5 Nxd5 6. e4 cxd4 7. Qxd4 Nxc3
8. Qxc3 Nc6 9. Bb5 Qb6 10. a4 Bd7 11. O-O Qc5 12. Qd3 Qd6 13. Qe2 Be7 14.
Ra3 a6 15. Rd3 Qc7 16. Rfd1 Rd8 17. Bc4 O-O 18. Bf4 e5 19. Be3 Bg4 20. Rxd8
Rxd8 21. Bd5 Nb4 22. h3 Nxd5 23. hxg4 Nxe3 24. Rxd8+ Bxd8 25. Qxe3 h6 26. g3
f6 27. Qd3 Be7 28. Qd5+ Kh7 29. Nh4 Qc1+ 30. Kg2 Qxb2 31. Nf5 Qb4 32. a5 Bf8
33. Kg1 Qb1+ 34. Kg2 Qb4 35. Kg1 {Game drawn by mutual agreement} 1/2-1/2

[Event "ICC tourney 2754 (45 5)"]
[Site "Internet Chess Club"]
[Date "2021.12.04"]
[Round "1"]
[White "BUENAVISTA, PROSPERO SILOS:perryb"]
[Black "LIN, BENJAMIN GU:bgl2011"]
[Result "1-0"]
[ICCResult "Black resigns"]
[WhiteElo "2031"]
[BlackElo "1669"]
[Opening "Queen's bishop game"]
[ECO "A45"]
[NIC "QP.07"]
[Time "11:01:00"]
[PlyCount "119"]
[TimeControl "2700+5"]

1. d4 Nf6 2. Bf4 d5 3. Nf3 Bf5 4. e3 e6 5. c3 c6 6. Qb3 Qc8 7. Nbd2 Be7 8.
h3 Nbd7 9. Be2 O-O 10. Nh4 Bg6 11. Nxg6 hxg6 12. O-O b5 13. Qc2 Nb6 14. b3
Qd7 15. Nf3 Bd6 16. Ne5 Qc7 17. c4 bxc4 18. bxc4 Nbd7 19. cxd5 Nxd5 20. Nxd7
Qxd7 21. Bxd6 Qxd6 22. Rfc1 Rfc8 23. Qc5 Qd7 24. Ba6 Rc7 25. Rab1 Nb6 26.
Rb3 Rd8 27. Rb4 Qd6 28. Be2 Qxc5 29. Rxc5 Rd5 30. Rc2 Kf8 31. Bf3 Rd8 32.
Rxc6 Rxc6 33. Bxc6 Rc8 34. Be4 Rc3 35. a4 f5 36. Bf3 Ra3 37. Bc6 Ke7 38. h4
Kf6 39. Kh2 g5 40. hxg5+ Kxg5 41. Kg3 Kf6 42. Kf3 Ra2 43. g3 Ke7 44. Kg2 Kd6
45. Bb5 Nd5 46. Rb3 Nb6 47. Rc3 Nd5 48. Rc6+ Ke7 49. Kf1 Ra1+ 50. Kg2 Ra2
51. Kf3 Kf6 52. Bc4 Kg5 53. Bxa2 Nb4 54. Rxe6 Nxa2 55. Re7 Kf6 56. Rxa7 g5
57. g4 fxg4+ 58. Kxg4 Nb4 59. a5 Nc6 60. Ra6 {Black resigns} 1-0

[Event "ICC tourney 2754 (45 5)"]
[Site "Internet Chess Club"]
[Date "2021.12.04"]
[Round "2"]
[White "Belous, Vladimir:Openyagami"]
[Black "BUENAVISTA, PROSPERO SILOS:perryb"]
[Result "1-0"]
[ICCResult "Black resigns"]
[WhiteElo "2572"]
[BlackElo "2031"]
[Opening "King's Indian: 5.Nf3"]
[ECO "E90"]
[NIC "KI.20"]
[Time "13:15:28"]
[PlyCount "51"]
[TimeControl "2700+5"]

1. c4 Nf6 2. Nc3 d6 3. Nf3 g6 4. d4 Bg7 5. e4 O-O 6. h3 c6 7. Be2 Qa5 8. O-O
Nbd7 9. Rb1 Qc7 10. Bf4 e5 11. Bh2 a5 12. c5 Ne8 13. cxd6 Qxd6 14. dxe5 Nxe5
15. Qxd6 Nxf3+ 16. Bxf3 Nxd6 17. Bxd6 Re8 18. Rfd1 Be6 19. Bg4 Bxg4 20. hxg4
Bxc3 21. bxc3 Rxe4 22. f3 Ra4 23. Rxb7 Rxa2 24. Be5 Re8 25. f4 a4 26. Rdd7
{Black resigns}
1-0

[Event "ICC tourney 2754 (45 5)"]
[Site "Internet Chess Club"]
[Date "2021.12.04"]
[Round "2"]
[White "SAMANT, NEIL:checkninja"]
[Black "LIN, LEO FANYUE:Leolix"]
[Result "1-0"]
[ICCResult "Black resigns"]
[WhiteElo "1905"]
[BlackElo "1850"]
[Opening "Sicilian, Chekhover variation"]
[ECO "B53"]
[NIC "SI.02"]
[Time "13:15:29"]
[PlyCount "53"]
[TimeControl "2700+5"]

1. e4 c5 2. Nf3 d6 3. d4 cxd4 4. Qxd4 a6 5. Be2 Nc6 6. Qe3 Nf6 7. c4 e6 8.
Nc3 Be7 9. O-O O-O 10. h3 Qc7 11. b3 Nb4 12. Rb1 d5 13. exd5 exd5 14. Bb2
Bf5 15. Rbc1 Bc5 16. Qg5 Bd3 17. Bxd3 d4 18. Ne4 Nxd3 19. Nxf6+ Kh8 20. Qf5
gxf6 21. Qxd3 Qf4 22. Qd2 Qf5 23. Nxd4 Bxd4 24. Qxd4 Kg7 25. Rc3 Rfd8 26.
Rg3+ Kf8 27. Ba3+ {Black resigns} 1-0

[Event "ICC tourney 2754 (45 5)"]
[Site "Internet Chess Club"]
[Date "2021.12.04"]
[Round "2"]
[White "Guo, Anni:movingkid"]
[Black "HO, COOPER:arsenicblast"]
[Result "0-1"]
[ICCResult "White resigns"]
[WhiteElo "1840"]
[BlackElo "1852"]
[Opening "Sicilian defense"]
[ECO "B33"]
[NIC "SI.34"]
[Time "13:15:12"]
[PlyCount "48"]
[TimeControl "2700+5"]

1. e4 c5 2. Nf3 Nc6 3. d4 cxd4 4. Nxd4 Nf6 5. Nc3 e6 6. Ndb5 d6 7. Be2 a6 8.
Nd4 Be7 9. O-O O-O 10. Be3 Nxd4 11. Qxd4 b5 12. a4 e5 13. Qd3 b4 14. Nd5
Nxd5 15. Qxd5 Be6 16. Qd2 a5 17. Rfd1 Rc8 18. Ba6 Rb8 19. f3 Qc7 20. Bb5
Rfd8 21. Qf2 Bc4 22. Ba7 Rb7 23. Bxc4 Rxa7 24. b3 d5 {White resigns} 0-1

[Event "ICC tourney 2754 (45 5)"]
[Site "Internet Chess Club"]
[Date "2021.12.04"]
[Round "2"]
[White "MATINIAN, NIKITA:gannikus1992"]
[Black "Bian, Erin:funpawn"]
[Result "1-0"]
[ICCResult "Black checkmated"]
[WhiteElo "2504"]
[BlackElo "1802"]
[Opening "Ruy Lopez: Morphy defense, Duras variation"]
[ECO "C77"]
[NIC "RL.12"]
[Time "13:15:29"]
[PlyCount "109"]
[TimeControl "2700+5"]

1. e4 e5 2. Nf3 Nc6 3. Bb5 a6 4. Ba4 Nf6 5. d3 d6 6. c4 g6 7. Nc3 Bg7 8. Nd5
O-O 9. Bg5 Be6 10. O-O Nb8 11. d4 Bxd5 12. cxd5 h6 13. Bxf6 Bxf6 14. dxe5
Bxe5 15. Nxe5 dxe5 16. Rc1 Nd7 17. Bxd7 Qxd7 18. Qd2 Kg7 19. Qc3 Rac8 20.
Qxe5+ f6 21. Qg3 Qd6 22. Rc4 Qxg3 23. hxg3 Rfd8 24. Rfc1 Rd7 25. f4 g5 26.
Kf2 Kg6 27. Ke3 f5 28. e5 Rxd5 29. Rxc7 Rcd8 30. R1c2 Rd3+ 31. Kf2 Rd2+ 32.
Ke1 Rxc2 33. Rxc2 Rd7 34. Rd2 Re7 35. Kf2 h5 36. Rd6+ Kg7 37. Rf6 gxf4 38.
gxf4 Rc7 39. Rxf5 Rc2+ 40. Kf3 Rxb2 41. Rxh5 Rxa2 42. f5 b5 43. g4 b4 44.
f6+ Kg6 45. Rf5 Ra1 46. Kg2 Ra2+ 47. Kg3 Ra3+ 48. Kh4 Kf7 49. e6+ Kxe6 50.
f7 b3 51. f8=Q b2 52. Qf7+ Kd6 53. Qg6+ Kc7 54. Rf7+ Kd8 55. Qg8#
{Black checkmated}
1-0

[Event "ICC tourney 2754 (45 5)"]
[Site "Internet Chess Club"]
[Date "2021.12.04"]
[Round "2"]
[White "MARKOVIC, GORAN:Goran21"]
[Black "YAN, RUIYANG:jy2020"]
[Result "0-1"]
[ICCResult "White checkmated"]
[WhiteElo "1989"]
[BlackElo "2151"]
[Opening "Sicilian"]
[ECO "B50"]
[NIC "SI.01"]
[Time "13:15:14"]
[PlyCount "86"]
[TimeControl "2700+5"]

1. e4 c5 2. Nf3 d6 3. c3 Nf6 4. Be2 g6 5. O-O Bg7 6. Re1 O-O 7. Bf1 Nc6 8.
d3 e5 9. Nbd2 h6 10. a4 Be6 11. Nc4 Ne8 12. Ne3 f5 13. Nd5 Nf6 14. Nxf6+
Qxf6 15. h3 f4 16. a5 a6 17. Be2 Qf7 18. Ra3 Bf6 19. d4 cxd4 20. cxd4 Bd7
21. Bd2 Bg7 22. Bc3 Rad8 23. b3 Kh8 24. Bc4 Qe7 25. Bd5 g5 26. b4 Bf6 27.
dxe5 dxe5 28. Rb3 h5 29. Nh2 Qe8 30. Bb2 Qg6 31. Qa1 Rde8 32. Nf3 g4 33.
hxg4 hxg4 34. Nd2 Re7 35. Nc4 Qh5 36. f3 Rh7 37. Bxc6 gxf3 38. Rxf3 Rg8 39.
Kf1 Rxg2 40. Kxg2 Qg4+ 41. Rg3 Qxg3+ 42. Kf1 Qf3+ 43. Kg1 Rh1#
{White checkmated}
0-1

[Event "ICC tourney 2754 (45 5)"]
[Site "Internet Chess Club"]
[Date "2021.12.04"]
[Round "2"]
[White "NATHAN, NITISH SG:K06-15494283"]
[Black "ZHANG, RAYMOND TANGNING:DankMemer"]
[Result "1-0"]
[ICCResult "Black resigns"]
[WhiteElo "1854"]
[BlackElo "1636"]
[Opening "Queen's pawn"]
[ECO "A40"]
[NIC "QO.17"]
[Time "13:15:29"]
[PlyCount "53"]
[TimeControl "2700+5"]

1. d4 e6 2. Bf4 Nf6 3. e3 b6 4. Nd2 Bb7 5. Ngf3 Be7 6. h3 O-O 7. c3 c5 8.
Bd3 d5 9. O-O Bd6 10. Ne5 Nbd7 11. Nxf7 Rxf7 12. Bxd6 c4 13. Bc2 Ne4 14.
Nxe4 dxe4 15. Bg3 Qe7 16. Qe2 Rc8 17. Rac1 e5 18. Rfd1 b5 19. Qh5 Rcf8 20.
Rd2 Rf5 21. Qe2 exd4 22. Rxd4 Nc5 23. Bd6 Qh4 24. Bxf8 Nd3 25. Rf1 Ne5 26.
Be7 Nf3+ 27. Qxf3 {Black resigns} 1-0

[Event "ICC tourney 2754 (45 5)"]
[Site "Internet Chess Club"]
[Date "2021.12.04"]
[Round "2"]
[White "QUIRKE, JEFFREY L:PawnEatingZombi"]
[Black "HEBDEN, MARK L:mhebden"]
[Result "0-1"]
[ICCResult "White resigns"]
[WhiteElo "2006"]
[BlackElo "2505"]
[Opening "King's Indian: Semi-Averbakh system"]
[ECO "E73"]
[NIC "KI.27"]
[Time "13:15:14"]
[PlyCount "72"]
[TimeControl "2700+5"]

1. d4 Nf6 2. c4 g6 3. Nc3 Bg7 4. e4 d6 5. Be2 O-O 6. Be3 e5 7. d5 Na6 8. g4
Nc5 9. f3 h5 10. g5 Nh7 11. h4 f6 12. gxf6 Bxf6 13. Bf2 a5 14. Kd2 c6 15.
Kc2 cxd5 16. Bxc5 dxc5 17. Qxd5+ Qxd5 18. cxd5 a4 19. Bb5 a3 20. bxa3 Rxa3
21. Kb2 Ra7 22. Nge2 Bd8 23. Raf1 Kg7 24. Kb3 Nf6 25. a4 Ne8 26. f4 exf4 27.
Nxf4 Nd6 28. e5 Nxb5 29. Nxb5 Ra6 30. e6 c4+ 31. Kb4 Be7+ 32. d6 Rxd6 33.
Nxd6 Bxd6+ 34. Kxc4 Rxf4+ 35. Rxf4 Bxe6+ 36. Kb5 Bxf4 {White resigns} 0-1